Map: Orbital Shipyard

Players

Lemmons - Winner!

  • Race: Zerg Zerg
  • League: Silver

sky

  • Race: Protoss Protoss
  • League: Grandmaster

VOD

Have the link to the VOD?

Description

Time

  • Played on: Sept. 27, 2015, 8:37 p.m.
  • Length: 17:15
Show
View Real Time Build Order
Export as new Build Order

Lemmons Zerg - Winner!

Build Orders: Hatch First 

Get SALT Encoding   

  12  0:01  Drone  
  13  0:08  Drone  
  14  0:29  Overlord  
  14  0:42  Hatchery  
  13  0:45  Drone  
  13  0:49  Drone  
  15  0:53  Drone  
  16  1:05  Drone  
  17  1:11  Drone  
  18  1:18  Drone  
  18  1:25  Spawning Pool  
  18  1:26  Extractor  
  18  1:28  Drone  
  18  1:39  Drone  
  19  1:53  Drone  
  20  1:59  Drone  
  21  2:05  Drone  
  21  2:06  Drone  
  23  2:11  Queen  
  23  2:13  Queen  
  23  2:15  Drone  
  28  2:17  Overlord  
  28  2:32  Overlord  
  28  2:38  Drone  
  28  2:39  Spine Crawler  
  28  2:45  Roach Warren  
  28  2:46  Drone  
  28  2:49  Drone x3  
  31  2:55  Drone  
  31  2:56  Extractor  
  31  3:01  Lair  
  31  3:07  Drone  
  31  3:10  Drone  
  33  3:16  Drone  
  34  3:30  Roach x2  
  34  3:31  Roach x3  
  44  3:41  Overlord x2  
  44  3:46  Extractor  
  43  3:49  Extractor  
  43  3:52  Overlord x3  
  43  4:00  Drone x2  
  45  4:03  Hydralisk Den  
  45  4:04  Drone x2  
  45  4:07  Drone  
  45  4:08  Drone  
  48  4:18  Drone x3  
  48  4:19  Drone x2  
  53  4:25  Glial Reconstitution  
  53  4:33  Drone  
  53  4:34  Evolution Chamber, Drone  
  53  4:35  Drone  
  53  4:36  Evolution Chamber  
  54  4:38  Drone  
  54  4:39  Drone  
  54  4:43  Drone  
  54  4:44  Drone  
  54  4:45  Drone  
  59  4:46  Drone  
  60  5:04  Zerg Missile Weapons Level 1, Zerg Ground Armor Level 1  
  60  5:08  Roach x5  
  70  5:29  Hydralisk  
  70  5:30  Hydralisk x2  
  70  5:32  Overlord x4  
  70  5:58  Overseer  
  64  6:06  Overseer  
  47  6:37  Spore Crawler  
  47  6:40  Drone x11, Spine Crawler  
  56  6:49  Queen  
  56  6:50  Drone x3  
  56  6:51  Drone x5  
  56  6:52  Drone  
  67  7:01  Overseer  
  67  7:09  Muscular Augments  
  67  7:12  Drone  
  67  7:13  Drone  
  67  7:14  Drone  
  70  7:16  Drone  
  70  7:18  Drone  
  70  7:21  Drone  
  74  7:22  Drone  
  74  7:27  Drone  
  74  7:28  Drone  
  74  7:29  Drone  
  77  7:40  Spine Crawler  
  76  7:47  Roach  
  76  7:48  Roach x4  
  76  7:49  Roach  
  89  7:58  Drone  
  89  8:00  Drone  
  90  8:14  Hatchery  
  90  8:18  Hydralisk  
  90  8:19  Hydralisk x4  
  99  8:23  Overseer  
  99  8:34  Hydralisk x2  
  99  8:35  Hydralisk x2  
  99  8:37  Overlord x2  
  107  8:43  Extractor  
  107  8:46  Zerg Missile Weapons Level 2  
  106  8:50  Zerg Ground Armor Level 2  
  106  9:13  Roach x9  
  106  9:16  Overlord  
  124  9:18  Overlord  
  108  9:54  Spire  
  108  9:56  Roach  
  108  9:57  Roach x10  
  108  9:58  Roach  
  127  10:27  Drone x3  
  127  10:28  Drone x8  
  132  10:29  Drone x3  
  141  10:38  Overseer  
  141  11:10  Drone x3  
  144  11:11  Burrow  
  144  11:14  Extractor  
  144  11:16  Corruptor, Extractor  
  144  11:17  Corruptor  
  146  11:19  Overlord x3  
  146  11:37  Infestation Pit  
  145  11:42  Corruptor  
  145  11:43  Corruptor x7  
  161  12:08  Roach x4  
  163  12:10  Overlord  
  163  12:11  Overlord x3  
  163  12:13  Drone  
  170  12:26  Overlord x4  
  170  12:28  Queen  
  172  12:32  Drone x2  
  172  12:33  Drone x5  
  172  12:34  Drone  
  180  12:41  Corruptor x3  
  186  12:45  Roach x2  
  186  12:47  Roach  
  192  12:54  Hive  
  192  13:14  Roach  
  192  13:15  Roach x3  
  200  13:39  Hatchery  
  127  14:32  Roach x2  
  127  14:33  Roach x23  
  127  14:38  Greater Spire  
  167  15:17  Queen  
  167  15:20  Extractor  
  168  15:22  Extractor  
  131  15:51  Overseer x2  
  131  15:56  Brood Lord x7  
  131  15:57  Brood Lord x6  
  140  16:24  Roach  
  140  16:25  Roach x8  
Show
View Real Time Build Order
Export as new Build Order

sky Protoss 

Build Orders: Dark Templar Rush 

Get SALT Encoding   

  12  0:03  Probe (Chrono Boost)  
  13  0:20  Pylon  
  13  0:22  Probe (Chrono Boost)  
  14  0:32  Probe (Chrono Boost)  
  15  0:42  Probe (Chrono Boost)  
  16  0:44  Assimilator  
  16  0:52  Probe (Chrono Boost)  
  16  0:54  Gateway  
  17  1:01  Probe (Chrono Boost)  
  18  1:11  Probe (Chrono Boost)  
  19  1:21  Probe (Chrono Boost)  
  20  1:31  Probe (Chrono Boost)  
  21  1:41  Probe (Chrono Boost), Pylon  
  21  1:43  Cybernetics Core  
  22  1:51  Probe (Chrono Boost)  
  23  2:00  Pylon  
  23  2:01  Probe (Chrono Boost)  
  23  2:04  Forge  
  24  2:11  Probe (Chrono Boost), Gateway  
  25  2:16  Assimilator  
  25  2:21  Probe (Chrono Boost)  
  26  2:33  Mothership Core (Chrono Boost), Warp Gate  
  28  2:44  Zealot  
  30  2:53  Photon Cannon  
  30  2:58  Pylon  
  30  3:01  Twilight Council  
  30  3:04  Stalker  
  32  3:08  Probe (Chrono Boost)  
  33  3:18  Probe (Chrono Boost)  
  34  3:28  Probe (Chrono Boost)  
  35  3:38  Probe (Chrono Boost)  
  35  3:44  Dark Shrine  
  35  3:48  Probe (Chrono Boost)  
  35  3:55  Nexus  
  36  3:58  Probe (Chrono Boost)  
  37  4:08  Probe (Chrono Boost)  
  38  4:32  Probe (Chrono Boost)  
  39  4:40  Pylon  
  39  4:42  Probe (Chrono Boost)  
  39  4:43  Pylon  
  40  4:52  Probe (Chrono Boost)  
  41  4:59  Pylon  
  39  5:02  Probe (Chrono Boost)  
  39  5:05  Robotics Facility  
  40  5:07  Robotics Facility  
  40  5:08  Pylon  
  40  5:10  Assimilator  
  40  5:11  Probe (Chrono Boost)  
  41  5:15  Dark Templar  
  41  5:16  Dark Templar, Assimilator  
  45  5:21  Protoss Ground Weapons Level 1 (Chrono Boost)  
  45  5:26  Probe  
  45  5:27  Probe  
  47  5:36  Probe  
  47  5:39  Probe  
  49  5:51  Photon Cannon  
  49  5:53  Photon Cannon  
  49  6:03  Immortal (Chrono Boost)  
  49  6:04  Immortal (Chrono Boost)  
  57  6:12  Probe  
  56  6:24  Probe  
  57  6:31  Probe  
  56  6:36  Probe  
  56  6:39  Robotics Bay  
  57  6:43  Probe  
  58  6:48  Probe  
  59  6:55  Gateway, Probe  
  59  6:59  Gateway  
  59  7:00  Probe  
  59  7:01  Gateway  
  61  7:04  Gateway  
  61  7:08  Probe  
  62  7:12  Probe  
  63  7:16  Pylon  
  63  7:20  Probe  
  63  7:21  Protoss Ground Weapons Level 2 (Chrono Boost)  
  64  7:24  Probe, Pylon  
  65  7:32  Probe  
  65  7:35  Extended Thermal Lance  
  65  7:37  Probe  
  68  7:44  Probe  
  68  7:49  Probe, Colossus (Chrono Boost)  
  69  7:56  Probe  
  69  7:57  Colossus (Chrono Boost)  
  82  8:01  Probe  
  83  8:11  Pylon  
  83  8:16  Pylon  
  83  8:20  Pylon  
  83  8:21  Pylon  
  83  8:24  Pylon  
  83  8:27  Pylon  
  83  8:46  Colossus (Chrono Boost)  
  89  8:49  Colossus (Chrono Boost)  
  95  9:10  Stalker x2  
  95  9:11  Stalker x4  
  107  9:24  Cybernetics Core  
  107  9:27  Protoss Ground Weapons Level 3 (Chrono Boost)  
  107  9:38  Stalker x3  
  111  9:41  Stalker  
  113  9:56  Stalker x2  
  117  10:03  Mothership Core  
  119  10:27  Observer  
  119  10:28  Observer  
  121  10:38  Nexus  
  121  10:45  Gateway x2  
  121  10:52  Gateway  
  121  10:53  Gateway  
  121  10:58  Pylon  
  121  11:09  Nexus  
  121  11:11  Pylon  
  121  11:12  Pylon  
  121  11:15  Pylon  
  121  11:18  Assimilator  
  121  11:24  Assimilator  
  121  11:35  Pylon  
  121  11:36  Pylon  
  121  11:38  Pylon  
  121  11:42  Assimilator  
  121  11:44  Pylon  
  121  11:49  Protoss Ground Armor Level 1 (Chrono Boost), Assimilator  
  121  12:07  Photon Cannon  
  121  12:10  Photon Cannon  
  121  12:11  Photon Cannon  
  121  12:12  Photon Cannon  
  121  12:13  Photon Cannon  
  121  12:20  Photon Cannon  
  121  12:30  Protoss Air Weapons Level 1 (Chrono Boost)  
  121  12:38  Pylon  
  121  12:46  Probe  
  121  12:50  Probe  
  123  12:55  Probe  
  123  12:56  Probe  
  125  13:02  Probe  
  126  13:06  Probe  
  126  13:07  Probe  
  126  13:11  Stargate  
  126  13:12  Stargate  
  128  13:14  Probe  
  128  13:15  Stargate  
  128  13:16  Probe  
  128  13:19  Probe  
  131  13:25  Probe  
  131  13:27  Observer  
  131  13:28  Observer  
  131  13:31  Probe  
  135  13:34  Protoss Shields Level 1  
  135  13:36  Stalker x3  
  135  13:37  Stalker x3  
  147  13:43  Probe  
  128  13:49  Observer x2  
  92  14:02  Dark Templar  
  92  14:03  Dark Templar x2  
  92  14:04  Dark Templar  
  92  14:05  Dark Templar  
  90  14:14  Dark Templar x2  
  90  14:15  Dark Templar x2  
  90  14:16  Dark Templar  
  71  14:42  Stalker x4  
  71  14:43  Stalker  
  71  15:00  Dark Templar x2  
  75  15:25  Stalker x2  
  75  15:26  Stalker x2  
  78  15:46  Stalker x3  
  78  15:47  Stalker x3  
  80  15:55  Dark Templar  
  55  16:14  Pylon  
  55  16:20  Stalker x5  
Tags
 
Add a new tag
Caveats
  • Supply blocks, unpowered buildings, or Contaminate may cause inaccurate times.
  • Supply counts are checked every 10 seconds.